 Dungeon Crawl Stone Soup version 0.17-a0-1738-g82cdc46 (webtiles) character file.

98 kae the Slinger (level 5, -2/34 HPs)
             Began as a Halfling Hunter on Aug 30, 2015.
             Killed by divine providence
             ... invoked by an orc priest
              (15 damage)
             ... on level 3 of the Dungeon.
             The game lasted 00:03:16 (1970 turns).

kae the Slinger (Halfling Hunter)                   Turns: 1970, Time: 00:03:17

Health: -2/34      AC:  4    Str: 12    XL:     5   Next: 0%
Magic:  5/5        EV: 14    Int: 10    God:
Gold:   146        SH:  5    Dex: 20    Spells: 0 memorised, 4 levels left

rFire  . . .     SeeInvis .     a - +2 hunting sling
rCold  . . .     Clarity  .     d - +0 leather armour
rNeg   . . .     SustAt   .     m - +0 buckler
rPois  .         Gourm    .     (no helmet)
rElec  .         Spirit   .     (no cloak)
rCorr  .         Warding  .     (no gloves)
rMut   .         Stasis   .     f - +0 pair of boots
MR     .....                    (no amulet)
Stlth  ++........               (no ring)
                                l - +4 ring of dexterity

@: not resistant to hostile enchantments, unstealthy
A: mutation resistance 1
a: no special abilities


You were on level 3 of the Dungeon.
You were full.

You visited 1 branch of the dungeon, and saw 3 of its levels.

You collected 146 gold pieces.

Inventory:

Hand weapons
 a - a +2 hunting sling (weapon)
 b - a +0 short sword
Missiles
 c - 12 sling bullets (quivered)
 g - 39 stones
Armour
 d - a +0 leather armour (worn)
 f - a +0 pair of boots (worn)
 m - a +0 buckler (worn)
Jewellery
 l - a +4 ring of dexterity (left hand)
Magical devices
 s - a wand of magic darts (21)
Scrolls
 h - 3 scrolls of identify {unknown}
 i - 2 scrolls of remove curse {unknown}
 j - a scroll of fear {unknown}
 k - 2 scrolls of fog {unknown}
 n - 2 scrolls of teleportation {unknown}
 o - a scroll of enchant armour {unknown}
 p - a scroll of blinking {unknown}
Potions
 r - a potion of brilliance
 t - a potion of degeneration {unknown}
Comestibles
 q - 2 meat rations
 u - a chunk of flesh
 z - a bread ration


   Skills:
 - Level 1.7 Fighting
 + Level 8.6 Slings
 - Level 2.1 Dodging
 - Level 1.1 Stealth


You had 4 spell levels left.
You didn't know any spells.

Dungeon Overview and Level Annotations

Branches:
Dungeon (3/15)

Altars:
Nemelex Xobeh
Trog

Annotations:
D:2 Sigmund


Innate Abilities, Weirdness & Mutations

You are small and have problems with some larger weapons.
You are somewhat resistant to further mutation.


Message History

The orc moves out of view.
An orc comes into view. It is wielding a club.
The orc moves out of view.
You hit the orc but do no damage. The orc hits you with a short sword.
You hit the orc but do no damage. The orc hits you but does no damage.
An orc priest comes into view.
The orc priest shouts!
You hit the orc but do no damage. The orc misses you.
The orc shouts!
You hit the orc.
The orc is moderately wounded.
The orc hits you with a short sword.
The orc priest invokes the aid of Beogh against you.
Something smites you!
You hear a shout!
a - a +2 hunting sling (weapon)
The orc barely misses you.
The orc priest mumbles some strange prayers to Beogh against you.
Something smites you!
You die...

#. #. #. #. #. ... ########### #.
...> . #.........# #. ....
...o###.........### #. ....
....o.o@........'># #.
...##########o...........#######.
...........##..[####.............
...........##... #...#########.
....รท......##... #...# #.
...####...###...# #...##########
...# #...# #...# #...........
...####...###...# #...########
......+....##...# #..........#


You could see an orc priest and 3 orcs.

Vanquished Creatures
  Terence (D:2)
  2 adders (D:3)
  An ooze (D:3)
  A worm (D:2)
  3 giant geckos
  An orc (D:3)
  3 giant cockroaches
  5 goblins
  4 hobgoblins
  7 kobolds
  4 bats
  4 giant newts
  4 jackals (D:1)
  4 rats (D:1)
44 creatures vanquished.

Notes
Turn   | Place    | Note
--------------------------------------------------------------
     0 | D:1      | kae the Halfling Hunter began the quest for the Orb.
     0 | D:1      | Reached XP level 1. HP: 14/14 MP: 1/1
    79 | D:1      | Reached skill level 6 in Slings
   197 | D:1      | Reached XP level 2. HP: 14/19 MP: 2/2
   695 | D:1      | Reached skill level 7 in Slings
   695 | D:1      | Reached XP level 3. HP: 17/24 MP: 3/3
  1327 | D:2      | Found a sparkling altar of Nemelex Xobeh.
  1373 | D:2      | You fall through a shaft!
  1391 | D:3      | Found a faded altar to an unknown god.
  1438 | D:2      | Found a bloodstained altar of Trog.
  1455 | D:2      | Noticed Terence
  1466 | D:2      | Killed Terence
  1466 | D:2      | Reached skill level 8 in Slings
  1466 | D:2      | Reached XP level 4. HP: 18/29 MP: 4/4
  1527 | D:2      | Noticed Sigmund
  1827 | D:3      | Reached XP level 5. HP: 31/34 MP: 5/5
  1970 | D:3      | Killed from afar by an orc priest

Vault maps used:
D:1:      elethiomel_arrival_maze, minmay_cupped
D:2:      bloody_trog, lemuel_round_altar, serial_park_tiny_pond, uniq_sigmund,
          uniq_terence
D:3:      amethyst_overflow_temple_binary, ecumenical_altar_1

Action                   |  1- 3 |  4- 6 || total
-------------------------+-------+-------++-------
Melee: Unarmed           |    32 |       ||    32
       Short sword       |    71 |    14 ||    85
 Fire: Hunting sling     |    43 |    11 ||    54
  Use: Scroll            |     1 |       ||     1
       Potion            |       |     1 ||     1
 Stab: Sleeping          |     2 |     1 ||     3
  Eat: Chunk             |     2 |     1 ||     3
       Bread ration      |       |     1 ||     1
